 Dungeon Crawl Stone Soup version 0.30-b1-2-g02819fbbbe (webtiles) character file.

Game seed: 15963418755430555556

75802 ketsa the Spry (level 15, -2/116 (120) HPs)
             Began as a Merfolk Gladiator on May 12, 2023.
             Was a High Priest of the Shining One.
             Slain by a fire crab (9 damage)
             ... on level 3 of the Lair of Beasts.
             The game lasted 02:35:49 (35723 turns).

ketsa the Spry (Merfolk Gladiator)                 Turns: 35723, Time: 02:35:49

HP:   -2/116 (120)  AC: 14    Str: 26    XL:     15   Next: 51%
MP:   22/24         EV: 22    Int:  9    God:    the Shining One [*****.]
Gold: 1734          SH:  0    Dex: 20    Spells: 22/27 levels left

rFire   . . .        U - +4 rapier of the Chickpea {freeze, Str+4}
rCold   + . .        (no shield)
rNeg    + + .        I - +3 ring mail {rC+}
rPois   +            c - +0 helmet
rElec   .            t - +1 cloak {rPois}
rCorr   .            F - +0 pair of gloves
SInv    .            (no boots)
Will    +....        (no amulet)
Stlth   +            X - +6 ring of strength
HPRegen 0.39/turn    J - ring of flight
MPRegen 0.19/turn

%: no passive effects
@: flying, glowing, studying Armour, lightly drained
A: (nimble swimmer 2), mertail
a: Renounce Religion, Divine Shield, Cleansing Flame, Summon Divine Warrior


You were on level 3 of the Lair of Beasts.
You worshipped the Shining One.
The Shining One was extremely pleased with you.
You visited 7 branches of the dungeon, and saw 24 of its levels.
You also visited: Sewer and Bailey.

You collected 1794 gold pieces.
You spent 60 gold pieces at shops.

Inventory:

Hand Weapons
 a - a +3 long sword of venom
 P - a +0 falchion of holy wrath
 Q - a +4 scimitar of flaming
 U - the +4 rapier of the Chickpea (weapon) {freeze, Str+4}
   (You took it off a kobold demonologist on level 12 of the Dungeon)

   Str:       It affects your strength (+4).
Missiles
 f - 13 javelins
 q - 76 poisoned darts
 y - 2 curare-tipped darts
 L - 18 boomerangs (quivered)
Armour
 c - a +0 helmet (worn)
 o - a +4 chain mail of willpower
 t - a +1 cloak of poison resistance (worn)
 F - a +0 pair of gloves (worn)
 I - a +3 ring mail of cold resistance (worn)
 O - a +4 chain mail of fire resistance
 T - +0 acid dragon scales
 W - a +1 troll leather armour {Snorg}
Magical Staves
 G - a staff of cold
Jewellery
 g - the dreamshard necklace {*Dream Drain}
   (You found it on level 5 of the Lair of Beasts)

   [amulet of nothing]

   *Dream:    It shatters if its wearer takes lethal or near-lethal damage,
   preventing the blow and releasing protective dreams that heal and fight for
   the wearer.
   Drain:     It drains your maximum health when unequipped.
 h - a ring of protection from fire
 n - an amulet of magic regeneration
 r - a ring of ice
 s - a ring of poison resistance
 z - an amulet of guardian spirit
 J - a ring of flight (right hand)
 X - a +6 ring of strength (left hand)
 Y - an amulet of the acrobat
 Z - a +6 ring of intelligence
Wands
 d - a wand of flame (33)
 e - a wand of roots (9)
 l - a wand of digging (18)
 u - a wand of charming (9)
 R - a wand of polymorph (8)
Scrolls
 B - 2 scrolls of teleportation
 D - 4 scrolls of fog
 H - 3 scrolls of magic mapping
 K - 2 scrolls of brand weapon
 M - a scroll of fear
 S - a scroll of blinking
Potions
 b - 5 potions of flight
 i - 6 potions of brilliance
 j - 4 potions of might
 k - 3 potions of magic
 m - 3 potions of heal wounds
 p - 3 potions of invisibility
 v - 5 potions of mutation
 w - 7 potions of attraction
 x - 2 potions of lignification
 A - 2 potions of cancellation
 E - 3 potions of ambrosia
 N - 6 potions of curing
Miscellaneous
 C - a box of beasts
 V - a lightning rod (4/4)


   Skills:
 - Level 12.0 Fighting
 - Level 6.7(10.9) Short Blades
 - Level 13.3(14.0) Long Blades
 - Level 7.0 Throwing
 + Level 5.6 Armour
 + Level 16.2 Dodging
 + Level 6.6 Spellcasting
 + Level 4.7 Translocations
 * Level 8.1 Ice Magic
 - Level 10.0 Invocations
 - Level 7.0 Evocations


You had 22 spell levels left.
You knew the following spells:

 Your Spells              Type           Power      Damage    Failure   Level
a - Blink                 Tloc           22%        N/A       7%          2
b - Frozen Ramparts       Ice            34%        1d6       3%          3

Your spell library contained the following spells:

 Spells                   Type           Power      Damage    Failure   Level
 Freeze                   Ice            68%        1d8       1%          1
 Lesser Beckoning         Tloc           22%        N/A       7%          2
 Gell's Gravitas          Tloc           11%        N/A       13%         3
 Teleport Other           Tloc           11%        N/A       13%         3
 Momentum Strike          Conj/Tloc      14%        3d8       17%         2
 Hailstorm                Conj/Ice       10%        3d5       17%         3
 Kiss of Death            Conj/Necr      8%         2d6       30%         1
 Necrotise                Necr           8%         1d4       30%         1
 Sandblast                Erth           4%         2d4       30%         1
 Slow                     Hex            8%         N/A       30%         1
 Passage of Golubria      Tloc           11%        N/A       41%         4
 Cigotuvi's Dreadful Rot  Necr/Pois/Air  4%         N/A       43%         2
 Poisonous Vapours        Pois/Air       4%         N/A       43%         2
 Scorch                   Fire           4%         2d5       43%         2
 Static Discharge         Conj/Air       4%         2-3/arc   43%         2
 Confusing Touch          Hex            2%         N/A       67%         3
 Ignite Poison            Fire/Tmut/Pois 2%         N/A       67%         3
 Spider Form              Tmut/Pois      2%         N/A       67%         3
 Summon Guardian Golem    Hex/Summ       2%         N/A       67%         3
 Vampiric Draining        Necr           2%         2d6       67%         3
 Freezing Cloud           Conj/Ice/Air   3%         6-21      95%         5
 Anguish                  Hex/Necr       1%         N/A       97%         4
 Animate Armour           Summ/Erth      4%         N/A       97%         4
 Dispel Undead            Necr           2%         3d7       97%         4
 Flame Wave               Conj/Fire      2%         2d4       97%         4
 Leda's Liquefaction      Hex/Erth       1%         N/A       97%         4
 Fireball                 Conj/Fire      1%         3d3       100%        5
 Iskenderun's Battlesphe  Conj           2%         2d6       100%        5
 Silence                  Hex/Air        1%         N/A       100%        5
 Conjure Ball Lightning   Conj/Air       1%         3x3d6     100%        6
 Dispersal                Tloc           5%         N/A       100%        6
 Simulacrum               Ice/Necr       5%         N/A       100%        6
 Summon Cactus Giant      Summ           1%         N/A       100%        6
 Enfeeble                 Hex            1%         N/A       100%        7
 Orb of Destruction       Conj           1%         9d5       100%        7
 Spellforged Servitor     Conj/Summ      1%         N/A       100%        7
 Storm Form               Tmut/Air       1%         N/A       100%        7
 Lehudib's Crystal Spear  Conj/Erth      1%         10d2      100%        8


Dungeon Overview and Level Annotations

Branches:
Dungeon (13/15)            Temple (1/1) D:6            Lair (5/5) D:11
 Shoals (1/4) Lair:2       Spider (1/4) Lair:2        Slime (0/5) Lair:5
    Orc (2/2) D:9             Elf (1/3) Orc:2         Sewer (visited)
 Bailey (visited)
 Vaults: D:13-14

Altars:
Ashenzari
Cheibriados
Dithmenos
Elyvilon
Fedhas
Gozag
Hepliaklqana
Kikubaaqudgha
Makhleb
Nemelex Xobeh
Okawaru
Qazlal
Ru
Sif Muna
Trog
Uskayaw
Vehumet
Wu Jian
Xom
Yredelemnul
Zin
The Shining One

Shops:
D:10 !

Annotations:
D:2 Sigmund
D:3 exclusion: downstairs
D:5 exclusions: downstairs and 2 more exclusions
D:8 1 exclusion
D:10 exclusions: downstairs and 1 more exclusion
Lair:2 exclusion: downstairs
Lair:3 1 runed translucent door, 1 exclusion
Lair:5 exclusion: 2 oklob plants
Orc:2 Donald, Saint Roka


Innate Abilities, Weirdness & Mutations

((You are very nimble when in or above water. (Stealth+, EV+, Speed+++)))
Your lower body shifts to a powerful aquatic tail in water.


Message History

The fire crab is lightly wounded.
The wall freezes the fire crab but does no damage.
The fire crab breathes flames at you. The blast of flame misses you.
You hit the fire crab but do no damage.
The fire crab is lightly wounded.
You are engulfed in blazing flames.
You hit the fire crab. You freeze the fire crab.
The fire crab is moderately wounded.
You are engulfed in blazing flames.
The wall freezes the fire crab but does no damage.
The fire crab bites you but does no damage.
The fire crab claws you.
You are engulfed in flames!
You completely miss the fire crab.
The fire crab is lightly wounded.
You are engulfed in blazing flames.
The wall freezes the fire crab.
The fire crab bites you!
You are engulfed in flames!
The fire crab closely misses you.
You hit the fire crab but do no damage.
The fire crab is moderately wounded.
You are engulfed in blazing flames.
You puncture the fire crab! You freeze the fire crab.
The fire crab is heavily wounded.
You are engulfed in blazing flames.
The wall freezes the fire crab but does no damage.
The fire crab completely misses you. The fire crab closely misses you.
You hit the fire crab. You freeze the fire crab.
The fire crab is heavily wounded.
You are engulfed in blazing flames.
* * * LOW HITPOINT WARNING * * *
You feel much better.
You are engulfed in blazing flames.
* * * LOW HITPOINT WARNING * * *
The frozen ramparts melt away.
The fire crab bites you.
* * * LOW HITPOINT WARNING * * *
You are engulfed in flames!
* * * LOW HITPOINT WARNING * * *
The fire crab claws you.
* * * LOW HITPOINT WARNING * * *
You are engulfed in flames!
You die...

.................................
.................................
...........#PP#....#...##..####..
..............##.##.....#..#.#P.#
.................................
.................................
##.#.##########.#..#######......#
#.###.###################..#.##.#
..Z#............@.#..............
...#.##.#########t#..............
####.#..........#.#..............
#.##.#.##.#####.#.#..............
...#.#.#..|[.?#.#.#..............
...#.#.####.#?#.#.#..............
#..#.#........#.#.#..............
.#.#.##########.#.#..............
...#.........รท..#t#..............


You could see a fire crab.

Vanquished Creatures
  Rupert (Lair:4)
  Snorg (Lair:4)
  5 entropy weavers (Lair:3)
  2 hydras
  2 ghost crabs (Lair:3)
  A catoblepas (Lair:3)
  A centaur warrior (D:12)
  2 boulder beetles
  6 two-headed ogres
  Urug (Lair:4)
  Nergalle (D:12)
  2 skysharks
  Sonja (Lair:4)
  3 fire crabs (Lair:3)
  A goliath frog (Lair:5)
  4 lindwurms (Lair:2)
  2 deep elf pyromancers (D:12)
  Pikel (D:4)
  2 harpies (Lair:2)
  An orc knight (Orc:1)
  3 ugly things (D:12)
  2 manticores (D:12)
  A cyclops (D:12)
  4 black mambas
  2 centaur zombies (D:10)
  10 elephants
  An apocalypse crab (Lair:3)
  A gargoyle (D:12)
  15 cane toads
  An unseen horror (D:12)
  3 kobold demonologists (D:12)
  A freezing wraith (D:11)
  3 rime drakes
  An efreet (D:12)
  2 trolls
  7 komodo dragons
  Prince Ribbit (D:8)
  3 polar bears
  3 tyrant leeches (Lair:5)
  8 dream sheep
  2 hornets (D:8)
  2 meliai zombies (D:10)
  36 blink frogs
  4 shadows
  A slime creature (D:12)
  3 wyverns
  4 wraiths
  45 yaks
  A vampire (D:11)
  2 basilisks (D:12)
  A water elemental (D:13)
  A fire elemental (Lair:5)
  6 vampire mosquitoes
  A steam dragon (Lair:4)
  6 acid dragons
  9 water moccasins
  An ice beast (D:7)
  Duvessa (D:6)
  2 swamp drakes (Lair:4)
  2 sky beasts
  4 ogres
  25 orc warriors
  7 centaurs
  8 wolves
  3 lemures
  8 kobold brigands
  4 necrophages (D:10)
  16 bullfrogs
  2 gnoll sergeants
  3 scorpions
  2 jellies
  7 wights
  Dowan (D:6)
  10 killer bees
  2 electric eels
  3 howler monkeys (D:11)
  3 hounds
  A human zombie (D:10)
  18 orc priests
  Ijyb (D:3)
  A sleepcap (D:7)
  Crazy Yiuf (D:3)
  Terence (D:3)
  5 iguanas
  19 orc wizards
  14 gnolls
  A howler monkey zombie (D:10)
  5 river rats (Sewer)
  12 adders
  A shadow imp (D:8)
  3 white imps
  A worm (D:1)
  4 dart slugs
  87 orcs
  15 ball pythons
  7 endoplasms
  7 giant cockroaches
  10 hobgoblins
  10 jackals
  42 kobolds
  8 quokkas
  4 bats
  3 frilled lizards
  15 goblins
  18 rats
664 creatures vanquished.

Vanquished Creatures (collateral kills)
  Erolcha (D:11)
  3 killer bees (D:11)
4 creatures vanquished.

Vanquished Creatures (others)
  A centaur (D:9)
  47 fungi
  117 plants
165 creatures vanquished.

Grand Total: 833 creatures vanquished

Notes
Turn   | Place    | Note
-------+----------+-------------------------------------------
     0 | D:1      | ketsa the Merfolk Gladiator began the quest for the Orb.
     0 | D:1      | Reached XP level 1. HP: 16/16 MP: 1/1
   160 | D:1      | Reached XP level 2. HP: 22/22 MP: 2/2
   622 | D:1      | Reached XP level 3. HP: 27/27 MP: 3/3
   647 | D:1      | Reached skill level 5 in Long Blades
  1066 | D:2      | Identified the +2 robe of the Lobster {Str-3 Dex+3}
  1106 | D:2      | Noticed Sigmund
  1195 | D:2      | Found a glowing silver altar of Zin.
  1198 | D:2      | Reached XP level 4. HP: 27/33 MP: 4/4
  1518 | D:3      | You fall into a shaft and drop 1 floor!
  1539 | D:4      | Found a glowing drain.
  1569 | Sewer    | Entered a sewer
  1718 | Sewer    | Reached XP level 5. HP: 34/38 MP: 5/5
  2035 | Sewer    | Noticed a kobold brigand
  2036 | Sewer    | Noticed a kobold brigand
  2385 | Sewer    | Killed a kobold brigand
  2386 | Sewer    | Reached XP level 6. HP: 33/46 MP: 6/6
  2809 | D:4      | Noticed Pikel
  2963 | D:3      | Got the Information on the Vile Snowflakes
  2972 | D:3      | Noticed Terence
  2991 | D:3      | Killed Terence
  3730 | D:3      | Reached XP level 7. HP: 30/52 MP: 7/7
  4014 | D:3      | Noticed Ijyb
  4068 | D:3      | Killed Ijyb
  4315 | D:3      | Found a runed translucent door.
  4316 | D:3      | Noticed Crazy Yiuf
  6137 | D:5      | Entered Level 5 of the Dungeon
  6194 | D:5      | Reached skill level 5 in Dodging
  6637 | D:6      | Noticed Duvessa
  6637 | D:6      | Noticed Dowan
  6771 | D:5      | Reached XP level 8. HP: 45/61 MP: 8/8
  6932 | D:5      | Found a snail-covered altar of Cheibriados.
  7502 | D:6      | Found a staircase to the Ecumenical Temple.
  7664 | D:6      | Reached skill level 10 in Long Blades
  7743 | Temple   | Entered the Ecumenical Temple
  7915 | Temple   | Became a worshipper of the Shining One
  8082 | D:6      | Reached skill level 5 in Fighting
  8082 | D:6      | Reached skill level 6 in Dodging
  8082 | D:6      | Reached skill level 1 in Invocations
  8228 | D:6      | Killed Dowan
  8235 | D:6      | Killed Duvessa
  8447 | D:6      | Found a basalt altar of Yredelemnul.
  8506 | D:6      | Found a white marble altar of Elyvilon.
  8706 | D:7      | Found a flagged portal.
  8721 | Bailey   | Entered a bailey
  8783 | Bailey   | Noticed an orc warlord
  9234 | Bailey   | Found a runed translucent gate.
  9306 | Bailey   | Found a runed translucent gate.
  9306 | Bailey   | Found a runed translucent gate.
  9421 | D:7      | Reached skill level 10 in Dodging
  9421 | D:7      | Reached XP level 9. HP: 27/75 MP: 10/10
  9422 | D:7      | Reached skill level 5 in Invocations
  9422 | D:7      | Reached XP level 10. HP: 30/82 MP: 10/13
 10130 | D:7      | Reached XP level 11. HP: 87/87 MP: 14/14
 11066 | D:9      | Reached * piety under the Shining One
 11066 | D:9      | Found a shimmering altar of Xom.
 11113 | D:8      | Noticed Prince Ribbit
 11428 | D:9      | Noticed a two-headed ogre
 11513 | D:8      | Killed Prince Ribbit
 12724 | D:10     | Entered Level 10 of the Dungeon
 12993 | D:9      | Reached ** piety under the Shining One
 13057 | D:9      | Killed a two-headed ogre
 13058 | D:9      | Reached skill level 11 in Dodging
 13058 | D:9      | Reached skill level 1 in Spellcasting
 13393 | D:9      | Found a staircase to the Orcish Mines.
 14044 | Orc:1    | Entered Level 1 of the Orcish Mines
 14398 | Orc:2    | Entered Level 2 of the Orcish Mines
 14399 | Orc:2    | Noticed Donald
 14495 | D:10     | Noticed a two-headed ogre
 14495 | D:10     | Found Iluovvucs's Distillery.
 14508 | D:10     | Killed a two-headed ogre
 14509 | D:10     | Reached skill level 5 in Throwing
 14613 | D:10     | Bought a potion of heal wounds for 60 gold pieces
 14703 | D:10     | Found an ancient bone altar of Kikubaaqudgha.
 14873 | D:10     | Reached XP level 12. HP: 93/96 MP: 16/16
 14886 | D:10     | Reached *** piety under the Shining One
 15433 | D:10     | Reached skill level 5 in Evocations
 15875 | D:10     | Noticed a two-headed ogre
 15884 | D:10     | Killed a two-headed ogre
 15885 | D:10     | Reached skill level 10 in Fighting
 15953 | D:11     | Noticed a two-headed ogre
 15960 | D:11     | Killed a two-headed ogre
 15970 | D:11     | Noticed a two-headed ogre
 15990 | D:11     | Killed a two-headed ogre
 15991 | D:11     | Reached skill level 12 in Dodging
 16166 | D:11     | Noticed Erolcha
 16206 | D:11     | Noticed a boulder beetle
 16206 | D:11     | Found a staircase to the Lair.
 16245 | D:10     | Killed a boulder beetle
 16341 | Lair:1   | Entered Level 1 of the Lair of Beasts
 17315 | D:11     | Found a glowing golden altar of the Shining One.
 18346 | D:12     | Reached XP level 13. HP: 99/105 MP: 17/17
 18792 | D:12     | Reached **** piety under the Shining One
 18801 | D:12     | Reached skill level 13 in Dodging
 18802 | D:12     | Noticed Nergalle
 18811 | D:12     | Killed Nergalle
 19037 | D:11     | Killed Erolcha
 21182 | Lair:2   | Found a staircase to the Shoals.
 21333 | Shoals:1 | Entered Level 1 of the Shoals
 21420 | Lair:2   | Found a hole to the Spider Nest.
 21524 | Spider:1 | Entered Level 1 of the Spider Nest
 22151 | Lair:2   | Got the Tractate on the Cumulonimbus and the Assassin
 22261 | Lair:3   | Found a runed translucent door.
 22863 | Orc:1    | Reached skill level 1 in Ice Magic
 23250 | Orc:2    | Found a staircase to the Elven Halls.
 23262 | Elf:1    | Entered Level 1 of the Elven Halls
 24126 | Orc:2    | Noticed Saint Roka
 25094 | D:3      | Killed Crazy Yiuf
 25307 | D:4      | Killed Pikel
 25308 | D:4      | Reached skill level 14 in Dodging
 26503 | Lair:2   | Got the Elucidation of Petrous Flesh
 27200 | Lair:4   | Noticed Urug
 28084 | D:12     | Reached skill level 5 in Ice Magic
 28114 | D:12     | Reached XP level 14. HP: 115/115 MP: 20/20
 28284 | D:12     | Identified the +4 rapier of the Chickpea {freeze, Str+4}
 28284 | D:12     | Reached ***** piety under the Shining One
 28598 | D:12     | Reached skill level 5 in Spellcasting
 29104 | Lair:3   | Reached skill level 1 in Translocations
 29655 | Lair:4   | Noticed Sonja
 29663 | Lair:4   | Killed Sonja
 29850 | Lair:4   | Noticed Snorg
 29864 | Lair:4   | Killed Snorg
 29903 | Lair:4   | Killed Urug
 29981 | Lair:4   | Noticed Rupert
 30002 | Lair:4   | Killed Rupert
 30345 | Lair:5   | Entered Level 5 of the Lair of Beasts
 30495 | Lair:4   | Learned a level 2 spell: Blink
 30499 | Lair:4   | Learned a level 3 spell: Frozen Ramparts
 31003 | Lair:4   | Reached skill level 15 in Dodging
 32108 | Lair:5   | Reached skill level 10 in Invocations
 32108 | Lair:5   | Reached XP level 15. HP: 97/120 MP: 23/23
 32141 | Lair:5   | Identified the +4 war axe of Plunder {antimagic, rElec
                  | rPois rF- rC+++ Will-}
 32959 | Lair:5   | Found a shadowy altar of Dithmenos.
 33004 | Lair:5   | Reached skill level 5 in Armour
 33006 | Lair:5   | Reached skill level 16 in Dodging
 33057 | Lair:5   | Found the dreamshard necklace {*Dream Drain}
 33518 | Lair:5   | Found a staircase to the Slime Pits.
 35723 | Lair:3   | Slain by a fire crab

Illustrated notes

Levels and vault maps discovered:
D:1:      saegor_arrival_simple_c, layout_loops_ring
D:2:      layout_rooms, basic_altar, uniq_sigmund
D:3:      layout_basic, uniq_ijyb, uniq_crazy_yiuf_cottage, uniq_terence
D:4:      layout_loops_ring, gup_sewer_entry_pipe, uniq_pikel
D:5:      layout_gridville, kennysheep_slug_shrine
D:6:      layout_rooms, kennysheep_ying_yang, minmay_temple_entry_grid,
          minmay_misc_feat_secret_circle, uniq_duvessa
D:7:      layout_basic, enter_bailey_3, nicolae_ossuary_entry_ruins,
          columned_hall_lemuel
D:8:      layout_cave_pools, grunt_tough_drop, uniq_prince_ribbit1
D:9:      layout_layer_cave, xom_confusion_cloud, orc_david_3
D:10:     layout_roguey [special_room_orc],
          lemuel_mausoleum_altar_kikubaaqudgha, serial_shops, shop_statue
D:11:     layout_rooms, lair_entry_dummy, nicolae_tso_carved_into_rock,
          uniq_erolcha
D:12:     minmay_the_grid_triangle_9x9_line_8_mashed
          [minmay_the_grid_triangle_9x9_sparse_checkered,
          minmay_the_grid_triangle_9x9_steps,
          minmay_the_grid_triangle_9x9_dagger,
          minmay_the_grid_triangle_9x9_empty,
          minmay_the_grid_triangle_9x9_alien,
          minmay_the_grid_triangle_9x9_impossible_snake,
          minmay_the_grid_triangle_9x9_shrine,
          minmay_the_grid_triangle_9x9_prize_schism], layout_cross,
          uniq_nergalle
D:13:     erik_rubicon_b, layout_long_grid,
          hellmonk_guarded_unrand_gyre_and_gimble
Temple:   nicolae_temple_bog_church
Lair:1:   layout_chaotic_city, grunt_megastairs_5
Lair:2:   layout_small_grid, nicolae_shoals_entry_roost,
          spider_nest_entry_web_field, serial_bayou, serial_bayou_pond_c,
          serial_bayou_shore_a, serial_bayou_pond_b, serial_bayou_pond_e,
          serial_bayou_crossing, serial_bayou_pond_d, st_stairs_6,
          minmay_lindwurm_lava
Lair:3:   gammafunk_mikee_crab_dinner, layout_long_grid
Lair:4:   layout_cellular_growth, guppyfry_lair_drakes, uniq_rupert, uniq_snorg,
          uniq_urug, uniq_sonja
Lair:5:   minmay_lair_end_frog_pond, layout_gridlike,
          minmay_slime_entry_oklob_open, basic_altar
Shoals:1: layout_shoals
Spider:1: layout_spider_delve, drop_trap
Orc:1:    layout_caves
Orc:2:    hellmonk_orc_salted, layout_diamond_mine, serial_shops,
          shop_fountains, uniq_azrael, uniq_donald, uniq_saint_roka
Elf:1:    eino_elf_arrival_sip, layout_onion_city, minivault_28

Skill      XL: |  1  2  3  4  5  6  7  8  9 10 11 12 13 14 15 |
---------------+----------------------------------------------+-----
Long Blades    | 4 5 6 7 8 9 10 11 12 13 | 13.3
Fighting       | 3 4 8 9 10 12 | 12.0
Dodging        | 5 10 11 12 14 15 16 | 16.2
Invocations    | 2 5 6 8 10 | 10.0
Short Blades   | 6 |  6.7
Armour         | 4 5 |  5.6
Throwing       | 4 5 7 |  7.0
Evocations     | 4 6 7 |  7.0
Spellcasting   | 1 4 5 6 |  6.6
Ice Magic      | 5 7 8 |  8.1
Translocations | 4 |  4.7

Action                     |  1- 3 |  4- 6 |  7- 9 | 10-12 | 13-15 || total
---------------------------+-------+-------+-------+-------+-------++-------
  Melee: Long sword        |    96 |   272 |   356 |   873 |   421 ||  2018
         Punch             |     1 |     4 |     7 |    16 |    22 ||    50
         Tailslap          |       |    16 |    17 |     8 |       ||    41
         Falchion          |       |       |       |    51 |   222 ||   273
         Scimitar          |       |       |       |       |   566 ||   566
         Rapier            |       |       |       |       |     7 ||     7
  Throw: Throwing net      |       |     1 |     8 |     3 |       ||    12
         Dart              |       |    11 |    21 |    41 |    88 ||   161
         Javelin           |       |       |    10 |     7 |     3 ||    20
         Boomerang         |       |       |       |       |    29 ||    29
   Cast: Frozen Ramparts   |       |       |       |       |    13 ||    13
 Invoke: Divine Shield     |       |       |       |     3 |     3 ||     6
  Evoke: Wand              |       |       |     1 |     4 |    14 ||    19
    Use: Potion            |     1 |       |     6 |     2 |     9 ||    18
         Scroll            |       |     1 |    12 |    11 |    20 ||    44
   Stab: Sleeping          |     3 |       |       |       |       ||     3
         Invisible         |       |       |     6 |       |       ||     6
         Held in net/web   |       |       |     4 |       |       ||     4
 Armour: Leather armour    |    21 |    50 |     1 |       |       ||    72
         Chain mail        |       |       |   134 |       |    34 ||   168
         Ring mail         |       |       |    16 |   205 |   246 ||   467
  Dodge: Dodged            |    66 |   205 |   169 |   666 |  1050 ||  2156
  Block: Other             |       |       |       |    11 |    19 ||    30
